 Dungeon Crawl Stone Soup version 0.31-a0-662-g684573625c (webtiles) character file.

Game seed: 7899033230174261291

24 arthad the Trooper (level 2, 0/27 HPs)
             Began as a Minotaur Fighter on Aug 31, 2023.
             Succumbed to Terence's poison
             ... on level 2 of the Dungeon.
             The game lasted 00:01:12 (774 turns).

arthad the Trooper (Minotaur Fighter)                Turns: 774, Time: 00:01:13

Health: 0/27       AC:  7    Str: 20    XL:     2   Next: 79%
Magic:  1/1        EV:  9    Int:  5    God:
Gold:   63         SH:  4    Dex:  9    Spells: 1/1 levels left

rFire   . . .        a - +0 war axe
rCold   . . .        c - +0 buckler
rNeg    . . .        b - +0 scale mail
rPois   .            (helmet restricted)
rElec   .            (no cloak)
rCorr   .            (no gloves)
SInv    .            (no boots)
Will    .....        (no amulet) Stlth
                     (no ring)
HPRegen 0.24/turn    (no ring)
MPRegen 0.07/turn

%: no passive effects
@: mighty, lethally poisoned (0 -> -22)
A: horns 2, retaliatory headbutt
a: no special abilities


You were on level 2 of the Dungeon.
You visited 1 branch of the dungeon, and saw 2 of its levels.

You collected 63 gold pieces.

Inventory:

Hand Weapons
 a - a +0 war axe (weapon)
Armour
 b - a +0 scale mail (worn)
 c - a +0 buckler (worn)
Scrolls
 e - a scroll of enchant weapon {unknown}
 f - a scroll of vulnerability {unknown}


   Skills:
 * Level 4.2 Fighting
 * Level 3.0 Axes
 + Level 3.8 Armour
 + Level 3.8 Shields


You had one spell level left.
You didn't know any spells.
Your spell library was empty.

Dungeon Overview and Level Annotations

Branches:
Dungeon (2/15)

Altars:

Annotations:
D:2 Terence


Innate Abilities, Weirdness & Mutations

You have a pair of horns on your head.
You reflexively headbutt those who attack you in melee.


Message History

You climb downwards.
Terence shouts!
There is a stone staircase leading up here.
Terence is nearby!
Terence is nearby!
Terence is nearby!
Terence closely misses you.
You slash Terence!
Terence is severely wounded.
Terence hits you but does no damage.
You are poisoned.
You hit Terence.
Terence is almost dead.
You feel very sick.
Terence screams, "I'm going to kill you!"
Terence barely misses you.
You hit Terence but do no damage.
Terence is almost dead.
You feel sick. Terence hits you but does no damage.
You are more poisoned.
Terence hits you with a +1 short sword of venom.
You are lethally poisoned!
You barely miss Terence. Your headbutt misses Terence.
Terence is almost dead.
You feel very sick. You block Terence's attack.
You are too injured to fight recklessly!
You are too injured to fight recklessly!
You are too injured to fight recklessly!
You are too injured to fight recklessly!
You are too injured to fight recklessly!
You are too injured to fight recklessly!
There is a lethal amount of poison in your body!
It was a potion of cancellation.
You feel magically purged.
You feel very sick.
Terence hits you with a +1 short sword of venom.
* * * LOW HITPOINT WARNING * * *
You are more poisoned.
You feel very mighty all of a sudden.
You die...

#. .. . .# ##
#.# #.###..
#.#.#
####.<.####.#..
+......@@......
####........###
##.####### #.#
#.. ###


You could see Terence.

Vanquished Creatures
  A bat (D:1)
  An endoplasm (D:1)
  A goblin (D:1)
  4 hobgoblins (D:1)
  4 jackals (D:1)
  A quokka (D:1)
  5 ball pythons (D:1)
  2 frilled lizards (D:1)
  2 rats (D:1)
21 creatures vanquished.

Notes
Turn   | Place    | Note
-------+----------+-------------------------------------------
     0 | D:1      | arthad the Minotaur Fighter began the quest for the Orb.
     0 | D:1      | Reached XP level 1. HP: 19/19 MP: 0/0
   210 | D:1      | Reached XP level 2. HP: 27/27 MP: 1/1
   213 | D:1      | Reached skill level 4 in Fighting
   766 | D:2      | Noticed Terence
   774 | D:2      | Succumbed to Terence's poison

Illustrated notes

Levels and vault maps discovered:
D:1:      dpeg_arrival_concentric_ovals, layout_rooms, serial_forest,
          infiniplex_forest_end_double, infiniplex_forest_end_2,
          infiniplex_forest_clump_medium, infiniplex_forest_clump_medium,
          infiniplex_forest_clump_large, infiniplex_forest_clump_long,
          infiniplex_forest_clump_double, infiniplex_forest_straight_3,
          infiniplex_forest_clump_curved, minmay_misc_feat_five
D:2:      layout_loops_corners, minmay_pentomino_q2, uniq_crazy_yiuf_cottage,
          uniq_terence

Skill      XL: |  1  2 |
---------------+-------+-----
Fighting       | 4 |  4.2
Axes           | 3 |  3.0
Armour         | |  3.8
Shields        | |  3.8

Action                     || total
---------------------------++-------
  Melee: War axe           ||    61
         Headbutt          ||     3
    Use: Potion            ||     2
 Armour: Scale mail        ||    45
  Dodge: Dodged            ||    27
  Block: Buckler           ||    13

Table legend: (Time is in decaauts)
 A = Elapsed time spent in this place.
 B = Non-inter-level travel time spent in this place.
 C = Inter-level travel time spent in this place.
 D = Time resting spent in this place.
 E = Time spent auto-exploring this place.
 F = Levels seen in this place.
 G = Mean time per level.
                   A        B        C        D        E       F      G
               +--------+--------+--------+--------+--------+-----+--------+
         Total |    796 |    752 |     44 |      0 |    611 |   2 |  398.0 |
       Dungeon |    796 |    752 |     44 |      0 |    611 |   2 |  398.0 |
               +--------+--------+--------+--------+--------+-----+--------+

Top non-repeatable levels by time:
     D:1: 787 daAuts
     D:2: 9 daAuts
